 Dungeon Crawl Stone Soup version 0.30.1-11-g7821555f0a (webtiles) character file.

Game seed: 7216481766481621110

114 leafyfresh the Trooper (level 4, -4/38 HPs)
             Began as a Barachi Delver on Nov 27, 2023.
             Slain by Robin
             ... wielding a +9 club
              (10 damage)
             ... on level 3 of the Dungeon.
             The game lasted 00:02:53 (470 turns).

leafyfresh the Trooper (Barachi Delver)              Turns: 470, Time: 00:02:54

Health: -4/38      AC:  3    Str: 13    XL:     4   Next: 98%
Magic:  0/4        EV: 13    Int: 11    God:
Gold:   39         SH:  0    Dex: 15    Spells: 3/3 levels left

rFire   . . .        a - +0 falchion
rCold   . . .        (no shield)
rNeg    . . .        b - +0 leather armour
rPois   .            (no helmet)
rElec   .            (no cloak)
rCorr   .            (no gloves)
SInv    .            (no boots)
Will    .....        e - amulet of guardian spirit
Stlth   +            (no ring)
HPRegen 0.26/turn    (no ring)
MPRegen 0.09/turn

%: guardian spirit
@: confused, ambrosia-drunk, slow
A: amphibious, slowness 1, strong legs 1, +LOS
a: Hop


You were on level 3 of the Dungeon.
You visited 1 branch of the dungeon, and saw 3 of its levels.

You collected 39 gold pieces.

Inventory:

Hand Weapons
 a - a +0 falchion (weapon)
 k - a +0 long sword
 n - a +0 dagger
Armour
 b - a +0 leather armour (worn)
Jewellery
 e - an amulet of guardian spirit (around neck)
Wands
 g - a wand of digging (2)
Scrolls
 c - a scroll of fog
 d - a scroll of magic mapping
 l - a scroll of identify {unknown}
 m - a scroll of teleportation {unknown}
Potions
 f - a potion of haste


   Skills:
 + Level 4.8 Fighting
 - Level 2.4 Long Blades
 * Level 4.6 Dodging
 - Level 4.5 Stealth


You had 3 spell levels left.
You didn't know any spells.
Your spell library was empty.

Dungeon Overview and Level Annotations

Branches:
Dungeon (5/15)
 Temple: D:4-7

Altars:

Shops:
D:5 (

Annotations:
D:3 Robin


Innate Abilities, Weirdness & Mutations

You are amphibious.
You cover ground slowly.
You can hop short distances.
You have an extended range of vision and can be seen from far away.


Message History

The goblin hits you with a +0 club.
You hit the goblin.
You kill the goblin!
The hobgoblin no longer looks unusually strong.
Robin roars a battlecry!
The hobgoblin goes into a battle-frenzy!
You hit the hobgoblin.
The hobgoblin is severely wounded.
The hobgoblin hits you but does no damage.
The hobgoblin hits you.
You hit the hobgoblin.
You kill the hobgoblin!
You closely miss the goblin.
The goblin no longer looks unusually strong.
Robin roars a battlecry!
The goblin goes into a battle-frenzy!
The goblin barely misses you.
You slash the goblin!
You kill the goblin!
You slash the goblin!
You kill the goblin!
Robin throws the goblin at you! The goblin hits you with a +0 club.
Items here: )))))) ††††.
You hit Robin.
Robin is lightly wounded.
Robin barely misses you. The goblin hits you with a +0 club.
Robin hits you with a +9 club!
* * * LOW HITPOINT WARNING * * *
The goblin closely misses you.
Unknown command.
It was a potion of ambrosia.
You are confused.
You feel invigorated. Robin hits you with a +9 club!
* * * LOW HITPOINT WARNING * * *
The goblin hits you but does no damage.
Unknown command.
You bump into the rock wall.
The goblin no longer looks unusually strong.
Robin hits you with a +9 club!
You die...

### #g# #@# #g# #w#
#.# #.# #.#
###.##############
#...##.....#....>##
#...#!............##


You could see a worm, Robin and a goblin.

Vanquished Creatures
  2 hounds (D:5)
  An iguana (D:4)
  An adder (D:4)
  An orc (D:5)
  2 ball pythons (D:4)
  7 goblins
  4 hobgoblins
18 creatures vanquished.

Notes
Turn   | Place    | Note
-------+----------+-------------------------------------------
     0 | D:5      | leafyfresh the Barachi Delver began the quest for the Orb.
     0 | D:5      | Reached XP level 1. HP: 18/18 MP: 1/1
    24 | D:5      | Noticed a hound
    70 | D:5      | Noticed a hound
    80 | D:5      | Killed a hound
    81 | D:5      | Reached XP level 2. HP: 19/25 MP: 2/2
    81 | D:5      | Reached XP level 3. HP: 23/30 MP: 3/3
    88 | D:5      | Reached XP level 4. HP: 29/38 MP: 4/4
   284 | D:4      | Noticed a scorpion
   427 | D:3      | Noticed Robin
   469 | D:3      | HP: 1/38 [Robin/+9 club (5)]
   470 | D:3      | Slain by Robin

Illustrated notes

Levels and vault maps discovered:
D:3:      minmay_angry_zag, layout_rooms, mainiacjoe_overflow_six_doors_small,
          serial_glass, glass_columns_c, glass_columns_a, glass_columns_a,
          glass_columns_b, glass_columns_a, uniq_robin, uniq_terence,
          uniq_jessica
D:4:      cheibrodos_helix_gallery, layout_cave_pools,
          nicolae_overflow_crystal_walls, minmay_temple_entry_purple_smoke,
          serial_shops, nicolae_shop_tiny_waterfront
D:5:      layout_rooms, ebering_ghost_gozag, serial_corexii_hall,
          chequers_hall_statues_wall_a, corexii_hall_statues_t,
          corexii_hall_statues_l, corexii_hall_statues_u, serial_shops,
          nicolae_shop_crystal

Skill      XL: |  1  2  3 |
---------------+----------+-----
Fighting       | 4 |  4.8
Dodging        | 3 4 |  4.6
Long Blades    | |  2.4
Stealth        | |  4.5

Action                     |  1- 3 |  4- 6 || total
---------------------------+-------+-------++-------
  Melee: Falchion          |     8 |    37 ||    45
         Punch             |       |     1 ||     1
Ability: Hop               |       |     1 ||     1
  Evoke: Wand              |     4 |    10 ||    14
    Use: Potion            |       |     2 ||     2
         Scroll            |       |     1 ||     1
   Stab: Distracted        |       |     1 ||     1
         Sleeping          |       |     1 ||     1
 Armour: Leather armour    |     1 |     9 ||    10
  Dodge: Dodged            |     8 |    33 ||    41
